 Dungeon Crawl Stone Soup version 0.23.1 (webtiles) character file.

Game seed: 2939876232477241411

12294 doot the Thaumaturge (level 11, -7/57 HPs)
             Began as a Deep Elf Summoner on Mar 13, 2019.
             Was the Champion of Jiyva.
             Mangled by a sixfirhy (13 damage)
             ... summoned by an orc high priest
             ... on level 2 of the Orcish Mines.
             The game lasted 01:07:22 (13798 turns).

doot the Thaumaturge (Deep Elf Summoner)           Turns: 13798, Time: 01:07:23

Health: -7/57      AC: 10    Str:  5 (8)  XL:     11   Next: 60%
Magic:  16/31      EV: 15    Int: 22      God:    Jiyva [******]
Gold:   1002       SH:  0    Dex:  8 (9)  Spells: 9/39 levels left

rFire    + . .     SeeInvis .   D - +9 falchion of Istriw {slice, rF+}
rCold    + . .     Gourm    .   (no shield)
rNeg     . . .     Faith    .   j - +1 robe {rC+}
rPois    .         Spirit   .   (helmet restricted)
rElec    .         Reflect  .   q - +0 cloak
rCorr    +         Harm     +   A - +2 pair of gloves
MR       +....                  F - +0 pair of boots
Stlth    +++.......             e - amulet of harm
HPRegen  0.19/turn              N - -5 ring of intelligence (curse)
MPRegen  0.22/turn              E - +2 ring of evasion

@: about to teleport
A: hooves 1, horns 1, thin metallic scales 1, deterioration 1, mutation
resistance 1, wild magic 1, translucent skin 1, jelly absorbing missiles
a: Request Jelly, Slimify, Cure Bad Mutation, Renounce Religion


You were on level 2 of the Orcish Mines.
You worshipped Jiyva.
Jiyva was exalted by your worship.
You were very full.

You visited 3 branches of the dungeon, and saw 14 of its levels.
You also visited: Trove.

You collected 1002 gold pieces.

Inventory:

Hand Weapons
 h - a +0 quarterstaff of freezing
 D - the +9 falchion of Istriw (weapon) {slice, rF+}
   (You found it on level 7 of the Dungeon)

   It inflicts extra damage upon your enemies.
   It protects you from fire.
 M - a +5 long sword
Missiles
 S - 5 curare-tipped needles
Armour
 a - a +0 helmet of see invisible
 j - a +1 robe of cold resistance (worn)
 m - a +0 leather armour
 q - a +0 cloak (worn)
 y - a +1 chain mail of poison resistance
 A - a +2 pair of gloves (worn)
 F - a +0 pair of boots (worn)
 J - a +2 plate armour of magic resistance
 T - a +0 troll leather armour
Magical Staves
 L - a cursed staff of earth {unknown}
Jewellery
 d - an uncursed ring of ice
 e - an amulet of harm (around neck)
 w - an uncursed amulet of rage
 B - an uncursed ring of flight
 C - an uncursed amulet of harm
 E - a +2 ring of evasion (right hand)
 I - an uncursed ring of ice
 N - a cursed -5 ring of intelligence (left hand)
Wands
 l - a wand of digging (7)
 n - a wand of scattershot (3)
 o - a wand of polymorph (14)
 s - a wand of clouds (1)
 v - a wand of paralysis (17)
 K - a wand of disintegration (31)
 Q - a wand of iceblast (18)
Scrolls
 b - a scroll of identify
 f - a scroll of noise
 g - 4 scrolls of teleportation
 i - 2 scrolls of enchant weapon
 P - a scroll of enchant armour
Potions
 k - a potion of berserk rage
 p - a potion of resistance
 r - a potion of agility
 t - 3 potions of might
 u - a potion of ambrosia
 x - 2 potions of heal wounds
 z - 2 potions of curing
 H - 13 potions of mutation
 O - a potion of flight
Miscellaneous
 G - a phantom mirror
 R - a sack of spiders
Comestibles
 c - 13 rations


   Skills:
 + Level 2.0 Fighting
   Level 0.5(1.6) Short Blades
 + Level 2.2(2.3) Long Blades
 + Level 4.4 Dodging
 + Level 5.2 Stealth
 + Level 14.6 Spellcasting
 + Level 0.5 Hexes
 + Level 3.0 Charms
 * Level 12.4 Summonings
 + Level 1.9 Necromancy
 + Level 1.1 Translocations
 + Level 3.4 Ice Magic
 + Level 5.6 Air Magic


You had 9 spell levels left.
You knew the following spells:

 Your Spells              Type           Power        Failure   Level  Hunger
a - Summon Small Mammal   Summ           ####         1%          1    None
b - Call Imp              Summ           #######.     1%          2    None
c - Call Canine Familiar  Summ           #######.     1%          3    None
d - Summon Lightning Spi  Summ/Air       ######..     1%          4    None
e - Summon Ice Beast      Ice/Summ       ######..     2%          4    None
f - Confuse               Hex            ###.....     13%         3    None
g - Gell's Gravitas       Tloc           ####......   11%         3    None
h - Regeneration          Chrm/Necr      #####.....   7%          3    None
i - Monstrous Menagerie   Summ           #######...   26%         7    ######.

Your spell library contained the following spells:

 Spells                   Type           Power        Failure   Level  Hunger
 Summon Guardian Golem    Hex/Summ       ######..     1%          3    None
 Animate Skeleton         Necr           N/A          3%          1    None
 Pain                     Necr           ####         3%          1    None
 Confusing Touch          Hex            ###...       5%          1    None
 Vampiric Draining        Necr           ####......   8%          3    None
 Animate Dead             Necr           N/A          24%         4    None
 Summon Greater Demon     Summ           #######...   26%         7    ######.
 Leda's Liquefaction      Hex/Erth       ###.......   41%         4    None
 Petrify                  Tmut/Erth      ###.....     45%         4    None
 Metabolic Englaciation   Hex/Ice        ####......   50%         5    ###....
 Yara's Violent Unravell  Hex/Tmut       ###.......   75%         5    ###....
 Summon Horrible Things   Summ           #######...   88%         8    #######
 Malign Gateway           Summ/Tloc      ######....   93%         7    ######.
 Dragon's Call            Summ           #######...   100%        9    #######


Dungeon Overview and Level Annotations

Branches:
Dungeon (11/15)            Temple (1/1) D:6            Lair (0/6) D:8
    Orc (2/2) D:9             Elf (0/3) Orc:2

Altars:
Ashenzari
Cheibriados
Dithmenos
Elyvilon
Fedhas
Gozag
Hepliaklqana
Kikubaaqudgha
Makhleb
Nemelex Xobeh
Okawaru
Qazlal
Ru
Sif Muna
Trog
Uskayaw
Vehumet
Wu Jian
Xom
Yredelemnul
Zin
The Shining One
Beogh
Jiyva

Shops:
Orc:2 !%=

Annotations:
D:5 Grinder


Innate Abilities, Weirdness & Mutations

You have large cloven feet.
You have a pair of small horns on your head.
You are partially covered in thin metallic scales. (AC +2)
Your body sometimes deteriorates upon taking damage.
You are somewhat resistant to further mutation.
Your spells are a little harder to cast, but a little more powerful.
Your translucent skin slightly reduces your foes' accuracy. (Stealth)
You have a small jelly attached to you that may absorb incoming projectiles.


Message History

The orange demon hits your lightning spire but does no damage.
Unknown command.
Casting: Summon Lightning Spire (safe; 1% risk of failure)
Confirm with . or Enter, or press ? or * to list all spells.
The orange demon stings your lightning spire but does no damage.
The orange demon hits your lightning spire but does no damage.
Unknown command.
The sixfirhy hits you!
You shudder from the blow and a jelly pops out!
The sixfirhy shocks you!
* * * LOW HITPOINT WARNING * * *
Your body deteriorates!
You feel weakened.
The orange demon stings your lightning spire but does no damage.
The orange demon completely misses your lightning spire.
Unknown command.
As you read the scroll of teleportation, it crumbles to dust.
You feel strangely unstable. The sixfirhy hits you.
* * * LOW HITPOINT WARNING * * *
The sixfirhy shocks you!
You die...

#### ##.....#....##.#####'###.##
#.....##...##.......#.....
##.....#...#####....#.##.#
######.....##..##..#...J#.#...
##...##......#...#..'......#...
##.....##......J..#..#.####.####
##...8...##........####.#..#.....
#8.......8...8...8J####.'..#.....
#...._..........@.......#..#..⌠..
#8.......8...8..38.####.####.....
##...8...##....h...####..........
##.....##......4..#..####.#####.
##...##......#)o8#..'....#...#.
######.....##.4##..#....#...#.
##.....#...#####....##'##.
#.....##...##.............
#######.....#....##.#####'###.##


You could see an orc high priest, an orange demon, an ice devil, a sixfirhy, a
neutral jelly (fellow slime), a friendly death ooze, a friendly warg and a
friendly lightning spire.

Vanquished Creatures
  A centaur skeleton (D:10)
  A troll (D:11)
  A hippogriff (D:8)
  A warg (Orc:2)
  An ice beast (D:9)
  An ogre (Orc:2)
  A bullfrog (D:8)
  2 orc priests
  An orc wizard (Orc:2)
  A leopard gecko (D:6)
  17 orcs
  A bat (D:2)
  A giant cockroach (D:2)
  2 goblins
  A hobgoblin (D:3)
  2 jackals (D:11)
  4 frilled lizards
  A leopard gecko skeleton (D:6)
40 creatures vanquished.

Vanquished Creatures (collateral kills)
  An orc warlord (Orc:2)
  Fannar (D:10)
  A hydra (D:11)
  2 two-headed ogres
  Urug (D:10)
  The ghost of DungeonDestroyer the Martial Artist, a novice GnMo of Okawaru (D:9)
  3 orc high priests (Orc:2)
  Sonja (D:11)
  3 orc knights (Orc:2)
  An ugly thing (D:11)
  4 orc sorcerers (Orc:2)
  A cyclops (Orc:1)
  Maurice (D:10)
  A gargoyle (D:11)
  7 trolls
  A hornet (D:10)
  A human (D:7)
  3 yaks (D:11)
  2 wargs (Orc:2)
  39 orc warriors
  4 ice beasts
  2 sky beasts
  A phantom (D:4)
  4 centaurs
  18 ogres
  2 bullfrogs
  A wyvern skeleton (D:5)
  4 scorpions
  7 wights (D:10)
  4 howler monkeys (D:10)
  4 crimson imps
  A quasit (D:9)
  5 hounds
  13 orc priests
  A jelly (Orc:2)
  A human zombie (D:7)
  12 orc wizards
  Ijyb (D:4)
  3 iguanas
  6 worker ants
  A killer bee zombie (D:10)
  A hound zombie (D:5)
  A howler monkey skeleton (D:7)
  4 gnolls (D:3)
  9 adders
  A river rat (D:5)
  4 shadow imps
  An ooze (D:5)
  An adder skeleton (D:7)
  3 worms
  A dart slug (D:1)
  6 leopard geckos
  58 orcs
  9 bats
  7 giant cockroaches
  11 hobgoblins
  6 jackals
  5 kobolds
  6 quokkas
  3 ball pythons (D:5)
  9 frilled lizards
  5 goblins
  A jackal skeleton (D:5)
  A jackal zombie (D:7)
  4 rats
327 creatures vanquished.

Vanquished Creatures (others)
  A merfolk (D:9)
  A hippogriff (D:8)
  2 yaks (D:11)
  A hungry ghost (D:9)
  A steam dragon (D:7)
  An eye of draining (D:10)
  4 orc warriors
  An ice beast (D:11)
  An ogre (D:9)
  3 big kobolds
  A bullfrog (D:10)
  A howler monkey (D:7)
  A crimson imp (D:7)
  13 orc priests
  A hound (D:9)
  56 jellies
  6 orc wizards
  A worker ant (D:8)
  A hound zombie (D:10)
  A worker ant zombie (D:8)
  2 adders
  An ooze (D:3)
  3 leopard geckos
  20 orcs
  2 hobgoblins (D:2)
  4 jackals
  12 kobolds
  2 rats (D:2)
  4 fungi (D:8)
  A plant (D:8)
149 creatures vanquished.

Grand Total: 516 creatures vanquished

Notes
Turn   | Place    | Note
-------+----------+-------------------------------------------
     0 | D:1      | doot the Deep Elf Summoner began the quest for the Orb.
     0 | D:1      | Reached XP level 1. HP: 10/10 MP: 6/6
   802 | D:1      | Reached XP level 2. HP: 15/15 MP: 5/8
   832 | D:1      | Learned a level 2 spell: Call Imp
   941 | D:3      | Found a shadowy altar of Dithmenos.
  1220 | D:4      | Reached skill level 5 in Summonings
  1558 | D:4      | Reached XP level 3. HP: 19/19 MP: 3/10
  1563 | D:4      | Learned a level 3 spell: Call Canine Familiar
  1564 | D:4      | Noticed an ogre
  1723 | D:4      | Killed an ogre
  1723 | D:4      | Reached skill level 4 in Spellcasting
  1723 | D:4      | Reached XP level 4. HP: 24/24 MP: 1/12
  1774 | D:4      | Found a sparkling altar of Nemelex Xobeh.
  1778 | D:4      | Noticed Ijyb
  1794 | D:4      | Killed Ijyb
  1944 | D:4      | Reached skill level 5 in Spellcasting
  2116 | D:4      | Learned a level 4 spell: Summon Lightning Spire
  2170 | D:4      | Noticed an ogre
  2179 | D:4      | Noticed a phantom
  2407 | D:3      | Reached XP level 5. HP: 28/28 MP: 8/15
  2413 | D:3      | Learned a level 4 spell: Summon Ice Beast
  2581 | D:4      | Noticed an ogre
  2587 | D:4      | Killed an ogre
  2587 | D:4      | Reached skill level 6 in Spellcasting
  2957 | D:4      | Killed an ogre
  2957 | D:4      | Reached XP level 6. HP: 32/32 MP: 6/17
  3108 | D:5      | Entered Level 5 of the Dungeon
  3110 | D:5      | Noticed Grinder
  3314 | D:5      | Noticed a sky beast
  3728 | D:5      | Reached skill level 7 in Spellcasting
  3870 | D:5      | Reached XP level 7. HP: 8/36 MP: 8/19
  4153 | D:6      | Found a shimmering altar of Xom.
  4320 | D:6      | Found a staircase to the Ecumenical Temple.
  4330 | Temple   | Entered the Ecumenical Temple
  4444 | Temple   | Became a worshipper of Jiyva Jeephunn the Shapeless
  4729 | D:6      | Reached skill level 1 in Air Magic
  5397 | D:1      | Reached * piety under Jiyva
  5776 | D:2      | Noticed a +0 hand axe
  5777 | D:2      | Noticed a +0 dagger
  5779 | D:2      | Found a hide-covered altar of Uskayaw.
  6902 | D:3      | Reached ** piety under Jiyva
  7558 | D:6      | Learned a level 3 spell: Confuse
  7562 | D:6      | Learned a level 3 spell: Gell's Gravitas
  7621 | D:7      | Reached *** piety under Jiyva
  7673 | D:7      | Found a runed translucent door.
  7673 | D:7      | Noticed a human
  7707 | D:7      | Killed a steam dragon
  7710 | D:7      | Gained mutation: Your muscles are strong. (Str +2) [Jiyva's
                  | grace]
  7795 | D:7      | Reached skill level 8 in Spellcasting
  7821 | D:7      | Reached **** piety under Jiyva
  7825 | D:7      | Found a basalt altar of Yredelemnul.
  7866 | D:7      | Killed a human
  7929 | D:7      | Got a slimy falchion
  7937 | D:7      | Identified the +9 falchion of Istriw {slice, rF+} (You
                  | found it on level 7 of the Dungeon)
  8355 | D:8      | Reached skill level 1 in Fighting
  8355 | D:8      | Reached XP level 8. HP: 43/43 MP: 17/22
  8399 | D:8      | Noticed a hippogriff
  8411 | D:8      | Killed a hippogriff
  8419 | D:8      | Found a staircase to the Lair.
  8516 | D:8      | Reached skill level 1 in Translocations
  8551 | D:8      | Reached skill level 9 in Spellcasting
  8570 | D:8      | Gained mutation: You are partially covered in rugged brown
                  | scales. (AC +1, +3% HP) [Jiyva's grace]
  8643 | D:8      | Killed a hippogriff
  8669 | D:8      | Found a bloodstained altar of Trog.
  8673 | D:8      | Gained mutation: You are covered in slimy tendrils that may
                  | disarm your opponents. [Jiyva's grace]
  8673 | D:8      | Reached ***** piety under Jiyva
  8677 | D:8      | Found a blossoming altar of Fedhas.
  8678 | D:8      | Found a snail-covered altar of Cheibriados.
  8685 | D:8      | Learned a level 3 spell: Regeneration
  8731 | D:8      | Found an ancient bone altar of Kikubaaqudgha.
  9141 | D:9      | Found an iron altar of Okawaru.
  9179 | D:9      | Found a staircase to the Orcish Mines.
  9191 | D:9      | Found a deep blue altar of Sif Muna.
  9193 | D:9      | Found a basalt altar of Yredelemnul.
  9213 | D:9      | Noticed DungeonDestroyer's ghost (novice GnMo)
  9214 | D:9      | Found a runed translucent gate.
  9214 | D:9      | Found a runed translucent gate.
  9215 | D:9      | Found a runed translucent gate.
  9215 | D:9      | Identified the +1 morningstar of the Mind {venom, Int+3}
  9219 | D:9      | Gained mutation: You are frail. (-10% HP) [Jiyva's grace]
  9261 | D:9      | Lost mutation: Your muscles are strong. (Str +2) [Jiyva's
                  | grace]
  9276 | D:9      | Killed a merfolk
  9326 | D:9      | Reached ****** piety under Jiyva
  9326 | D:9      | Lost mutation: You are covered in slimy tendrils that may
                  | disarm your opponents. [Jiyva's grace]
  9332 | D:9      | Lost mutation: You are frail. (-10% HP) [Jiyva's power]
  9720 | D:9      | Found a roughly hewn altar of Beogh.
  9738 | D:9      | Lost mutation: You are partially covered in rugged brown
                  | scales. (AC +1, +3% HP) [Jiyva's grace]
  9741 | D:9      | Killed DungeonDestroyer's ghost
  9744 | D:9      | Reached skill level 10 in Spellcasting
  9744 | D:9      | Reached XP level 9. HP: 47/47 MP: 9/25
  9781 | D:9      | Got a pair of bloodstained boots
  9797 | D:9      | Identified the cursed -2 pair of boots of the Hidden Curses
                  | {rPois rF+ Int-4} (You found it on level 9 of the Dungeon)
  9940 | D:10     | Entered Level 10 of the Dungeon
  9948 | D:10     | Noticed a two-headed ogre
  9952 | D:10     | Reached skill level 1 in Ice Magic
  9959 | D:10     | Killed a two-headed ogre
  9962 | D:10     | Noticed Maurice
  9964 | D:10     | Gained mutation: Your translucent skin slightly reduces
                  | your foes' accuracy. (Stealth) [Jiyva's grace]
  9968 | D:10     | Killed Maurice
  9985 | D:10     | Noticed Fannar
  9995 | D:10     | Killed Fannar
  9995 | D:10     | Reached skill level 11 in Spellcasting
 10015 | D:10     | Noticed a troll
 10027 | D:10     | Killed a troll
 10065 | D:10     | Noticed Urug
 10078 | D:10     | Killed Urug
 10141 | D:10     | Reached skill level 12 in Spellcasting
 10141 | D:10     | Reached XP level 10. HP: 52/52 MP: 25/28
 10201 | D:10     | Paralysed by a hornet for 1 turns
 10344 | D:10     | Reached skill level 10 in Summonings
 10504 | D:10     | Gained mutation: You occasionally shout uncontrollably at
                  | your foes. [Jiyva's grace]
 10541 | D:11     | Noticed a gargoyle
 10547 | D:11     | Killed a gargoyle
 10569 | D:11     | Gained mutation: Your spells are a little harder to cast,
                  | but a little more powerful. [Jiyva's grace]
 10618 | D:11     | Noticed Sonja
 10621 | D:11     | Noticed a cyan ugly thing
 10624 | D:11     | Noticed a four-headed hydra
 10630 | D:11     | Killed a cyan ugly thing
 10630 | D:11     | Reached skill level 1 in Long Blades
 10637 | D:11     | Killed a four-headed hydra
 10637 | D:11     | Reached skill level 5 in Stealth
 10645 | D:11     | Paralysed by Sonja for 2 turns
 10645 | D:11     | Killed Sonja
 10672 | D:11     | Gained mutation: Armour fits poorly on your strangely
                  | shaped body. [Jiyva's grace]
 10825 | D:11     | Gained mutation: You possess an exceptional clarity of
                  | mind. [Jiyva's grace]
 10925 | D:11     | Found a portal to a secret trove of treasure.
 10956 | Trove    | Entered a treasure trove
 10958 | Trove    | Identified the Collected Works on the Ashen Escort
 10961 | Trove    | Noticed a shining eye
 10968 | Trove    | Noticed a shining eye
 11094 | Orc:1    | Entered Level 1 of the Orcish Mines
 11103 | Orc:1    | Reached skill level 13 in Spellcasting
 11380 | Orc:1    | Noticed a cyclops
 11392 | Orc:1    | Killed a cyclops
 11547 | Orc:2    | Entered Level 2 of the Orcish Mines
 11566 | Orc:2    | Lost mutation: You possess an exceptional clarity of mind.
                  | [Jiyva's grace]
 11582 | Orc:2    | Gained mutation: You are somewhat resistant to further
                  | mutation. [Jiyva's grace]
 11584 | Orc:2    | Noticed a two-headed ogre
 11591 | Orc:2    | Killed a two-headed ogre
 11591 | Orc:2    | Reached skill level 5 in Air Magic
 11613 | Orc:2    | Gained mutation: Your magical capacity is low. (-10% MP)
                  | [Jiyva's grace]
 11823 | Orc:2    | Gained mutation: Your mind is acute. (Int +2) [Jiyva's
                  | grace]
 11860 | Orc:2    | Gained mutation: You have a pair of small horns on your
                  | head. [Jiyva's grace]
 11932 | Orc:2    | Reached XP level 11. HP: 14/57 MP: 27/27
 11981 | Orc:2    | Learned a level 7 spell: Monstrous Menagerie
 12058 | Orc:2    | Reached skill level 1 in Charms
 12104 | Orc:2    | Noticed an orc knight
 12272 | Orc:2    | Noticed an orc knight
 12280 | Orc:2    | Killed an orc knight
 12280 | Orc:2    | Reached skill level 1 in Necromancy
 12283 | Orc:2    | Killed an orc knight
 12290 | Orc:2    | Lost mutation: Your mind is acute. (Int +2) [Jiyva's grace]
 12293 | Orc:2    | Found Wodda's Jewellery Boutique.
 12298 | Orc:2    | Found a roughly hewn altar of Beogh.
 12316 | Orc:2    | Found Qenkut's Food Shop.
 12363 | Orc:2    | Noticed an orc sorcerer
 12363 | Orc:2    | Noticed an orc knight
 12363 | Orc:2    | Noticed an orc sorcerer
 12373 | Orc:2    | Killed an orc sorcerer
 12380 | Orc:2    | Killed an orc sorcerer
 12380 | Orc:2    | Reached skill level 14 in Spellcasting
 12412 | Orc:2    | Killed an orc knight
 12775 | Orc:2    | Gained mutation: You have large cloven feet. [Jiyva's
                  | grace]
 12778 | Orc:2    | Lost mutation: Your magical capacity is low. (-10% MP)
                  | [Jiyva's power]
 12781 | Orc:2    | Lost mutation: You occasionally shout uncontrollably at
                  | your foes. [Jiyva's power]
 12783 | Orc:2    | Lost mutation: Armour fits poorly on your strangely shaped
                  | body. [Jiyva's power]
 12802 | Orc:2    | Found a staircase to the Elven Halls.
 12875 | Orc:2    | Noticed an orc sorcerer
 12875 | Orc:2    | Noticed an orc sorcerer
 12911 | Orc:2    | Killed an orc sorcerer
 12914 | Orc:2    | Killed an orc sorcerer
 12950 | Orc:2    | Gained mutation: Your body sometimes deteriorates upon
                  | taking damage. [Jiyva's grace]
 13035 | Orc:2    | Noticed an orc warlord
 13089 | Orc:2    | Gained mutation: You have a small jelly attached to you
                  | that may absorb incoming projectiles. [Jiyva's grace]
 13495 | Orc:2    | Killed an orc warlord
 13505 | Orc:2    | Gained mutation: Your mind is acute. (Int +2) [Jiyva's
                  | grace]
 13517 | Orc:2    | Found a roughly hewn altar of Beogh.
 13543 | Orc:2    | Noticed an orc high priest
 13554 | Orc:2    | Killed an orc high priest
 13559 | Orc:2    | Found Emuddipn's Distillery.
 13585 | Orc:2    | Noticed an orc high priest
 13634 | Orc:2    | Lost mutation: Your mind is acute. (Int +2) [Jiyva's grace]
 13669 | Orc:2    | Killed an orc high priest
 13693 | Orc:2    | Noticed an orc high priest
 13717 | Orc:2    | Killed an orc high priest
 13729 | Orc:2    | Gained mutation: You are partially covered in thin metallic
                  | scales. (AC +2) [Jiyva's grace]
 13778 | Orc:2    | Noticed an orc high priest
 13788 | Orc:2    | Noticed a sixfirhy
 13798 | Orc:2    | Mangled by a sixfirhy

Skill      XL: |  1  2  3  4  5  6  7  8  9 10 11 |
---------------+----------------------------------+-----
Summonings     | 5 6 7 8 9 11 12 | 12.4
Spellcasting   | 4 5 6 7 8 10 12 13 14 | 14.6
Stealth        | 3 4 5 |  5.2
Air Magic      | 1 3 4 5 |  5.6
Dodging        | 3 4 |  4.4
Fighting       | 1 2 |  2.0
Translocations | 1 |  1.1
Ice Magic      | 2 3 |  3.4
Long Blades    | 2 |  2.2
Charms         | 3 |  3.0
Necromancy     | 1 |  1.9
Short Blades   | |  0.5
Hexes          | |  0.5

Action                   |  1- 3 |  4- 6 |  7- 9 | 10-12 || total
-------------------------+-------+-------+-------+-------++-------
Melee: Dagger            |     2 |    22 |    96 |       ||   120
       Falchion          |       |       |    20 |    41 ||    61
       Headbutt          |       |       |       |     1 ||     1
 Cast: Summon Small Mamm |    26 |       |       |       ||    26
       Call Imp          |    21 |    16 |     2 |     1 ||    40
       Call Canine Famil |     1 |    21 |    39 |    40 ||   101
       Summon Lightning  |       |    12 |    25 |    42 ||    79
       Summon Ice Beast  |       |     1 |    12 |    18 ||    31
       Gell's Gravitas   |       |       |     2 |     2 ||     4
       Regeneration      |       |       |     2 |    14 ||    16
       Confuse           |       |       |       |     5 ||     5
       Monstrous Menager |       |       |       |     4 ||     4
Invok: Cure Bad Mutation |       |       |     1 |     5 ||     6
       Request Jelly     |       |       |       |     3 ||     3
  Use: Scroll            |       |     1 |    13 |     7 ||    21
       Potion            |       |     1 |       |       ||     1
 Stab: Sleeping          |       |     1 |     7 |     1 ||     9
       Distracted        |       |       |     2 |       ||     2
  Eat: Chunk             |     2 |     4 |     4 |       ||    10
       Ration            |     1 |     1 |     2 |       ||     4
Armor: Robe              |     1 |     9 |    25 |    20 ||    55
Dodge: Dodged            |    17 |    36 |   126 |    87 ||   266
       Rpst.: Falchion   |       |       |     9 |    22 ||    31
